 Dungeon Crawl Stone Soup version 0.31-a0-210-gccc998df9b (webtiles) character file.

Game seed: 16313083348759579355

322 qw the Shooter (level 6, -4/51 HPs)
             Began as a Minotaur Hexslinger on June 29, 2023.
             Slain by Duvessa
             ... wielding a +0 rapier
              (9 damage)
             ... on level 3 of the Dungeon.
             The game lasted 00:02:19 (3922 turns).

qw the Shooter (Minotaur Hexslinger)                Turns: 3922, Time: 00:02:19

Health: -4/51      AC:  4    Str: 12    XL:     6   Next: 22%
Magic:  6/6        EV: 12    Int: 10    God:
Gold:   105        SH:  0    Dex: 15    Spells: 6/7 levels left

rFire   . . .        Y - +1 shortbow
rCold   . . .        (shield currently unavailable)
rNeg    . . .        j - +1 robe {Will+}
rPois   .            (helmet restricted)
rElec   .            (no cloak)
rCorr   .            m - +0 pair of gloves
SInv    .            (no boots)
Will    +....        (no amulet)
Stlth   +            (no ring)
HPRegen 0.28/turn    (no ring)
MPRegen 0.10/turn

%: no passive effects
@: lethally poisoned (-4 -> -13)
A: horns 2, retaliatory headbutt
a: no special abilities


You were on level 3 of the Dungeon.
You visited 1 branch of the dungeon, and saw 4 of its levels.

You collected 105 gold pieces.


Innate Abilities, Weirdness & Mutations

You have a pair of horns on your head.
You reflexively headbutt those who attack you in melee.


   Skills:
 + Level 3.3 Fighting
 - Level 6.6 Ranged Weapons
 - Level 2.1 Dodging
 - Level 1.0 Spellcasting
 - Level 2.0 Hexes


You had 6 spell levels left.
You knew the following spells:

 Your Spells              Type           Power      Damage    Failure   Level
a - Slow                  Hex            16%        N/A       16%         1

Your spell library contained the following spells:

 Spells                   Type           Power      Damage    Failure   Level
 Inner Flame              Hex/Fire       2%         N/A       56%         3
 Portal Projectile        Hex/Tloc       4%         N/A       56%         3
 Cause Fear               Hex            2%         N/A       83%         4

Inventory:

Hand Weapons
 Y - a +1 shortbow (weapon)
Armour
 d - a +0 ring mail
 j - a +1 robe of willpower (worn)
 m - a +0 pair of gloves (worn)
Scrolls
 l - a scroll of identify
Potions
 a - a potion of might
 b - a potion of lignification {unknown}
 e - a potion of cancellation
 g - a potion of ambrosia {unknown}
 i - a potion of attraction {unknown}
 k - a potion of curing {unknown}

Dungeon Overview and Level Annotations

Branches:
Dungeon (4/15)
 Temple: D:4-7

Altars:

Shops:
D:3 *

Annotations:
D:3 2 transporters, 1 runed translucent door, Crazy Yiuf, Dowan, Duvessa


Message History

3913 ||| PLANNING OSSUARY You shoot an arrow.
Duvessa shouts!
The arrow hits Duvessa.
Duvessa is lightly wounded.
You shoot an arrow. The arrow hits Duvessa.
Duvessa is moderately wounded.
Duvessa roars, "You can run, but you cannot escape us forever!"
You shoot an arrow. The arrow hits Duvessa.
Duvessa is moderately wounded.
Duvessa hits you with a +0 rapier.
3916 ||| STAIRDANCE Dowan hits you with a +1 dagger of venom.
You are poisoned.
Duvessa hits you with a +0 rapier.
You climb upwards.
Level annotation: 2 transporters, 1 runed translucent door, Crazy Yiuf You feel very sick.
There is a stone staircase leading down here.
You shoot an arrow.
The arrow hits Duvessa but does no damage.
Duvessa is moderately wounded.
You feel sick. Duvessa misses you. Dowan barely misses you.
You shoot an arrow. The arrow hits Duvessa.
Duvessa is moderately wounded.
You feel sick. Duvessa hits you with a +0 rapier! Dowan closely misses you.
You shoot an arrow. The arrow hits Duvessa.
Duvessa is heavily wounded.
You feel sick. Duvessa hits you with a +0 rapier.
Dowan points at you and mumbles some strange words.
The puff of flame hits you.
You shoot an arrow. The arrow hits Duvessa.
Duvessa is heavily wounded.
You feel sick. Duvessa barely misses you.
Dowan hits you with a +1 dagger of venom.
You are lethally poisoned!
You shoot an arrow. The arrow barely misses Duvessa.
You feel very sick. Duvessa hits you with a +0 rapier!
You die...

#.....7..7.............
#........P7.#.....#.###
#.....#........#.##.##.
#.....##..###..#.##.##.
#.....##..###..#.##....
#.....'.....#..........
#.....##..###......[...
#.....##..####.#.##.##.
#.....@e...............
#....e....####.#.##.##.
#.........##...........
###............#.##.##.
#....................
#..........###.......
#.....)........##.#..
#....................
#....#..##.###.##.#..


You could see Duvessa and Dowan.

Vanquished Creatures
  Sigmund (D:3)
  An orc priest (D:1)
  Natasha (twice) (D:2)
  5 adders (D:2)
  A worm (D:3)
  3 orcs (D:3)
  3 endoplasms
  A giant cockroach (D:3)
  5 hobgoblins
  A quokka (D:3)
  5 ball pythons
  7 bats
  3 frilled lizards
  3 goblins
  4 kobolds
  7 rats
52 creatures vanquished.

Notes
Turn   | Place    | Note
-------+----------+-------------------------------------------
     0 | D:1      | qw the Minotaur Hexslinger began the quest for the Orb.
     0 | D:1      | Reached XP level 1. HP: 16/16 MP: 1/1
     0 | D:1      | 0 ||| qw: Version: 0.3-a-24-ga2abf7b
     0 | D:1      | 0 ||| qw: Game counter: 6794
     0 | D:1      | 0 ||| qw: Melee chars always use a shield: true
     0 | D:1      | 0 ||| qw: God list: Okawaru
     0 | D:1      | 0 ||| qw: Allow faded altars: false
     0 | D:1      | 0 ||| qw: Do Orc after clearing Dungeon:15 true
     0 | D:1      | 0 ||| qw: Do second Lair branch before Depths: true
     0 | D:1      | 0 ||| qw: Lair rune preference: random
     0 | D:1      | 0 ||| qw: Goals: Normal
     0 | D:1      | 0 ||| PLANNING D:1-11
   670 | D:1      | Reached skill level 3 in Ranged Weapons
   670 | D:1      | Reached XP level 2. HP: 23/23 MP: 2/2
   836 | D:1      | 836 ||| SWAPPING to +0 shortbow.
   837 | D:1      | 837 ||| DROPPING +1 sling.
   838 | D:1      | 838 ||| READING scroll labelled XEUMOTT NUUDEX.
   839 | D:1      | 839 ||| READING 2 scrolls labelled JUQUNEO IGROM.
   842 | D:1      | 842 ||| READING scroll labelled VYISKA BIUN.
   843 | D:1      | 843 ||| DROPPING scroll of poison.
   925 | D:2      | Reached XP level 3. HP: 16/29 MP: 3/3
  1172 | D:2      | Noticed Natasha
  1179 | D:2      | Killed Natasha
  1180 | D:2      | Reached skill level 4 in Ranged Weapons
  1180 | D:2      | Reached XP level 4. HP: 23/36 MP: 4/4
  1424 | D:2      | Noticed Natasha
  1432 | D:2      | Killed Natasha
  1433 | D:2      | Reached skill level 5 in Ranged Weapons
  1516 | D:2      | 1516 ||| UPGRADING to +0 leather armour.
  1526 | D:2      | 1526 ||| DROPPING +0 robe.
  1527 | D:2      | 1527 ||| UPGRADING to +0 ring mail.
  1537 | D:2      | 1537 ||| DROPPING +0 leather armour.
  1538 | D:2      | 1538 ||| UPGRADING to +1 robe of willpower.
  1548 | D:2      | 1548 ||| UPGRADING to +0 pair of gloves.
  1553 | D:2      | 1553 ||| READING scroll labelled YBUABL NAR MIA.
  1554 | D:2      | 1554 ||| READING 2 scrolls of identify.
  1554 | D:2      | 1554 ||| IDENTIFYING fizzy amethyst potion
  1569 | D:3      | 1569 ||| STAIRDANCE
  1575 | D:2      | HP: 8/37 [orc wizard/puff of flame (9)]
  1576 | D:2      | 1576 ||| READING scroll of teleportation.
  1607 | D:2      | 1607 ||| FLEEEEING.
  1608 | D:2      | 1608 ||| FLEEEEING.
  1609 | D:2      | 1609 ||| FLEEEEING.
  1610 | D:2      | 1610 ||| FLEEEEING.
  1611 | D:2      | 1611 ||| FLEEEEING.
  1612 | D:2      | 1612 ||| FLEEEEING.
  1613 | D:2      | 1613 ||| FLEEEEING.
  1614 | D:2      | 1614 ||| FLEEEEING.
  1615 | D:2      | 1615 ||| FLEEEEING.
  1616 | D:2      | 1616 ||| FLEEEEING.
  1617 | D:2      | 1617 ||| FLEEEEING.
  1618 | D:2      | 1618 ||| FLEEEEING.
  1619 | D:2      | 1619 ||| STAIRDANCE
  1695 | D:2      | 1695 ||| STAIRDANCE
  1748 | D:2      | 1748 ||| STAIRDANCE
  1800 | D:2      | 1800 ||| STAIRDANCE
  1804 | D:1      | Reached skill level 3 in Fighting
  1804 | D:1      | Reached XP level 5. HP: 24/45 MP: 5/5
  2128 | D:3      | Noticed Sigmund
  2139 | D:3      | Killed Sigmund
  2140 | D:3      | Reached skill level 6 in Ranged Weapons
  2140 | D:3      | Reached XP level 6. HP: 27/51 MP: 6/6
  2338 | D:3      | Identified the +1 hand axe of Otzoecze {distort, Int+3}
  2493 | D:3      | Found a transporter.
  2598 | D:3      | Found a transporter.
  2598 | D:3      | Found Ogaez's General Store.
  2626 | D:3      | Found a faded altar of an unknown god.
  2760 | D:3      | Found a runed translucent door.
  2761 | D:3      | Noticed Crazy Yiuf
  3912 | D:4      | Noticed Duvessa
  3912 | D:4      | Noticed Dowan
  3913 | D:4      | 3913 ||| PLANNING OSSUARY
  3916 | D:4      | 3916 ||| STAIRDANCE
  3921 | D:3      | HP: 9/51 [Dowan/+1 dagger of venom (4)]
  3922 | D:3      | Slain by Duvessa

Levels and vault maps discovered:
D:1:      roderic_octagonal_star, layout_loops_corners
D:2:      layout_basic, uniq_natasha
D:3:      layout_basic, serial_shops, nicolae_shop_drivethru,
          ebering_ecumenical_altar_petrified, nrook_uturn, grunt_ministairs_14,
          kennysheep_generic_room_10, uniq_sigmund, uniq_crazy_yiuf_cottage
D:4:      layout_gridville, kennysheep_mini_moat,
          minmay_temple_entry_mini_moons, enter_ossuary_2, uniq_edmund,
          uniq_duvessa, uniq_blork_the_orc, uniq_robin, uniq_ijyb

Skill      XL: |  1  2  3  4  5 |
---------------+----------------+-----
Ranged Weapons | 3 4 5 6 |  6.6
Fighting       | 2 3 |  3.3
Dodging        | |  2.1
Spellcasting   | |  1.0
Hexes          | |  2.0

Action                     |  1- 3 |  4- 6 || total
---------------------------+-------+-------++-------
   Fire: Sling             |    27 |       ||    27
         Shortbow          |    39 |   109 ||   148
    Use: Scroll            |     3 |     3 ||     6
 Armour: Robe              |     5 |     9 ||    14
  Dodge: Dodged            |    21 |    28 ||    49

Table legend:
 A = Non-vault XP
 B = Vault XP
 C = Vault XP percentage of total XP
 D = Non-vault monster count
 E = Vault monster count
 F = Vault count percentage of total count
                 A         B        C        D         E       F
            +---------+---------+-------+---------+---------+-------
      Total |     161 |     299 |  65.0 |      45 |       7 |  13.5
            +---------+---------+-------+---------+---------+-------
        D:1 |      15 |      41 |  73.2 |      11 |       1 |   8.3
        D:2 |     124 |      35 |  22.0 |      22 |       1 |   4.3
        D:3 |      22 |     223 |  91.0 |      12 |       5 |  29.4
            +---------+---------+-------+---------+---------+-------
